AoeStats
← azimkhan1545

Arabia

510180410Analyzed
1v1 RM · 1d ago on Sep 29, 2026· 49m 51s· 2 players
Game mode
Random Map
Map size
Tiny (2 player)
Population
200
Speed
Normal
Resources
Standard
Victory
Conquest
Starting age
Dark Age
Ending age
Imperial Age
RankedLock teamsTeams togetherTeam positionsShared explorationLock speedFull tech treeHidden civsTurbo modeCheats
Victory
Defeat
🇹🇷 Bengalis · Türkiye
658
+18
🇺🇿 Japanese · Uzbekistan
694
-20
agoecmen
8:11 Loom
10:20 Feudal Age
14:53 Double-Bit Axe
18:53 Castle Age
19:04 Gold Mining
19:09 Horse Collar
23:48 Pikeman
24:54 Forging
24:35 Fletching
24:54 Stone Mining
27:03 Ballistics
35:32 Imperial Age
39:09 Bow Saw
41:22 Bodkin Arrow
42:47 Chemistry
41:47 Murder Holes
49:21 Bracer
azimkhan1545
9:23 Loom
12:03 Feudal Age
13:17 Double-Bit Axe
14:07 Man-at-Arms
18:38 Gold Mining
20:06 Forging
19:56 Scale Mail Armor
22:42 Stone Mining
26:01 Castle Age
24:23 Fletching
26:33 Crossbowman
26:35 Pikeman
27:16 Squires
29:11 Padded Archer Armor
34:38 Masonry
35:53 Gold Shaft Mining
41:12 Imperial Age
41:21 Horse Collar
Connection lost

Rejoining the realm…

Still unreachable

The connection could not be restored.

Session expired

The server has moved on; the page needs a fresh start.